 Dungeon Crawl Stone Soup version 0.29-a0-824-gd827844252 (webtiles) character file.

Game seed: 430348205387972084

392 buhh the Insei (level 6, -3/43 HPs)
             Began as an Octopode Transmuter on July 9, 2022.
             Slain by a gnoll
             ... wielding a +0 spear
              (6 damage)
             ... on level 4 of the Dungeon.
             The game lasted 00:04:33 (4967 turns).

buhh the Insei (Octopode Transmuter)                Turns: 4967, Time: 00:04:33

Health: -3/43      AC:  2    Str:  9    XL:     6   Next: 80%
Magic:  2/9        EV: 21    Int: 18    God:
Gold:   119        SH:  0    Dex: 17    Spells: 3/9 levels left

rFire   . . .      SeeInvis .     - Unarmed
rCold   . . .      Faith    .   (shield currently unavailable)
rNeg    . . .      Spirit   .   (helmet currently unavailable)
rPois   x          Reflect  .   (no amulet)
rElec   .          Harm     .   (no ring)
rCorr   .          Rampage  .   (no ring)
Will    .....                   (no ring)
Stlth   ++........              (no ring)
HPRegen 0.14/turn               (no ring)
MPRegen 0.11/turn               (no ring)
                                (no ring)
                                (no ring)

@: spider-form (expiring), weak-willed, wereblooded
A: venomous fangs, almost no armour, (amphibious), 8 rings, tiny, (camouflage
1), (gelatinous body 1), (nimble swimmer 1), (tentacles)
a: End Transformation


You were on level 4 of the Dungeon.
You were a venomous arachnid creature.
You visited 1 branch of the dungeon, and saw 4 of its levels.

You collected 119 gold pieces.

Inventory:

Jewellery
 k - a +6 ring of strength
Wands
 a - a wand of charming (11)
Scrolls
 b - a scroll of vulnerability
 e - 3 scrolls of brand weapon
 f - a scroll of amnesia
 g - a scroll of fear {!r}
 i - a scroll of teleportation {!d}
 j - a scroll of magic mapping {!r!d}
 l - a scroll of fog
Potions
 m - a potion of degeneration


   Skills:
 + Level 3.7 Fighting
 + Level 4.1 Dodging
 - Level 2.0 Stealth
 + Level 4.7 Unarmed Combat
 - Level 2.0 Spellcasting
 - Level 2.0 Transmutations
 - Level 1.0 Poison Magic


You had 3 spell levels left.
You knew the following spells:

 Your Spells              Type           Power      Damage    Failure   Level
a - Beastly Appendage     Tmut           18%        N/A       21%         1
b - Wereblood             Tmut           9%         N/A       28%         2
c - Spider Form           Tmut/Pois      7%         N/A       50%         3

Your spell library contained the following spells:

 Spells                   Type           Power      Damage    Failure   Level
 Sublimation of Blood     Necr           1%         N/A       47%         2
 Ice Form                 Ice/Tmut       5%         N/A       89%         4
 Hailstorm                Conj/Ice       1%         3d3       96%         4
 Simulacrum               Ice/Necr       0%         N/A       100%        6
 Summon Hydra             Summ           0%         N/A       100%        7


Dungeon Overview and Level Annotations

Branches:
Dungeon (4/15) Zot: 19027
 Temple: D:4-7

Altars:

Annotations:
D:1 exclusion: downstairs
D:4 2 transporters, RevDB's ghost, amateur DjHW


Innate Abilities, Weirdness & Mutations

You are a venomous arachnid creature.
You have poisonous fangs.
You are tiny and dextrous.
Your spellcasting is less reliable in this form.
Your armour is entirely melded.
You are incapable of wielding weapons or throwing items.
You cannot wear most types of armour.
((You are amphibious.))
You can wear up to eight rings at the same time.
((Your skin changes colour to match your surroundings (Stealth+).))
((Your rubbery body absorbs attacks. (AC +1, EV +1)))
((You are camouflaged when in or above water. (Stealth+)))
((You have tentacles for arms and can constrict up to eight enemies at once.))


Message History

* * * LOW HITPOINT WARNING * * *
You see here a +0 club.
Really quaff
d - 2 potions of curing {!q!d}?
You feel better. The gnoll hits you with a +0 spear.
The goblin completely misses you. The gnoll barely misses you.
Your blood is infused with primal strength.
The gnoll misses you. The goblin hits you with a +0 club. The gnoll misses you.
Your magical contamination has completely faded away.
You hit the gnoll.
The gnoll looks as sick as possible!
The gnoll is almost dead.
Your transformation is almost over.
The gnoll closely misses you. x2; The goblin closely misses you.
The gnoll barely misses you.
You barely miss the gnoll.
The gnoll is almost dead.
You feel a bit better.
You kill the gnoll!
The gnoll completely misses you. The goblin hits you with a +0 club.
* * * LOW HITPOINT WARNING * * *
The gnoll completely misses you. The goblin attacks as you move away!
The goblin hits you with a +0 club.
* * * LOW HITPOINT WARNING * * *
The gnoll closely misses you.
Really quaff
d - a potion of curing {!q!d}?
You feel better. The goblin hits you but does no damage.
The gnoll hits you from afar with a +0 spear!
* * * LOW HITPOINT WARNING * * *
The gnoll hits you with a +0 club!
* * * LOW HITPOINT WARNING * * *
You hit the goblin.
The goblin is poisoned.
The goblin is severely wounded.
You feel a bit better.
You kill the goblin!
The gnoll hits you with a +0 club.
* * * LOW HITPOINT WARNING * * *
The gnoll closely misses you.
You completely miss the gnoll.
You hiss as the wereblood boils in your veins!
The gnoll hits you from afar with a +0 spear.
You die...

*,,,,,,* *,* *,* *,,,**** *,*
**,** **,,,** *,* ***,..#
*,,,,,* *,* *,,,..* *,,,,,* *,*
*,*,..* *,,,,,* *,* *,**.#*
**,,,** *,* *,**.# *,*,* ***,*
#####.# *,*,*
*,,***#.s)).############# *,*,*
*,*#....g#g.#.........)))
*,*,*****#..###.#..#**####...)<.
*,,,,,,*#..**,..#.## #.#####
*,,,>,,*.,**,..##.# #.....#
*,,,,,,*,**,...*..# #.....#
********,*,...#*.## #.....#
*,,*...#*,.**** #o....#
*,,,,***,.#*,,* *#.....#


You could see 2 gnolls.

Vanquished Creatures
  A scorpion (D:3)
  Ijyb (D:3)
  An orc wizard (D:4)
  Natasha (thrice) (D:2)
  4 adders
  9 gnolls
  An ufetubus (D:4)
  3 dart slugs
  5 orcs
  9 bats
  6 endoplasms (D:1)
  3 hobgoblins
  7 jackals
  2 quokkas
  7 ball pythons
  3 frilled lizards (D:1)
  8 goblins
  5 kobolds
  6 rats
84 creatures vanquished.

Vanquished Creatures (others)
  20 plants (D:4)
20 creatures vanquished.

Grand Total: 104 creatures vanquished

Notes
Turn   | Place    | Note
-------+----------+-------------------------------------------
     0 | D:1      | buhh the Octopode Transmuter began the quest for the Orb.
     0 | D:1      | Reached XP level 1. HP: 13/13 MP: 3/3
   266 | D:1      | Reached XP level 2. HP: 11/18 MP: 3/5
   962 | D:1      | Reached XP level 3. HP: 23/23 MP: 4/6
  1937 | D:2      | Learned a level 2 spell: Wereblood
  1941 | D:2      | Learned a level 3 spell: Spider Form
  2325 | D:2      | Noticed Natasha
  2332 | D:2      | Killed Natasha
  2333 | D:2      | Reached XP level 4. HP: 22/29 MP: 7/7
  2465 | D:2      | Noticed Natasha
  2816 | D:3      | Noticed Ijyb
  2850 | D:3      | Killed Ijyb
  2851 | D:3      | Reached XP level 5. HP: 15/35 MP: 1/8
  3653 | D:2      | Killed Natasha
  3654 | D:2      | Reached XP level 6. HP: 35/42 MP: 4/9
  4117 | D:2      | Noticed Natasha
  4126 | D:2      | Killed Natasha
  4391 | D:4      | Noticed RevDB's ghost (amateur DjHW)
  4392 | D:4      | Found a transporter.
  4846 | D:4      | Found a transporter.
  4967 | D:4      | Slain by a gnoll

Illustrated notes

Levels and vault maps discovered:
D:1:      scummos_arrival_hexagon, layout_loops_ring, serial_rivers,
          chequers_serial_rivers_small_3, chequers_serial_rivers_marsh,
          chequers_serial_rivers_room_b, chequers_serial_rivers_small_a,
          chequers_serial_rivers_small_3, chequers_serial_rivers_micro_b,
          glass_columns_c
D:2:      layout_loops_ring, uniq_natasha
D:3:      layout_loops_cross, uniq_ijyb
D:4:      minmay_evil_eye, layout_loops_ring, gammafunk_ghost_stat_death,
          nicolae_grassy_gnolls

Skill      XL: |  1  2  3  4  5  6 |
---------------+-------------------+-----
Stealth        | 1 2 |  2.0
Poison Magic   | 1 |  1.0
Fighting       | 2 3 |  3.7
Dodging        | 3 4 |  4.1
Unarmed Combat | 4 |  4.7
Spellcasting   | |  2.0
Transmutations | |  2.0

Action                   |  1- 3 |  4- 6 || total
-------------------------+-------+-------++-------
Melee: Unarmed           |    92 |   122 ||   214
       Kick              |    26 |     9 ||    35
       Constrict         |    21 |    14 ||    35
       Tentacles         |    12 |     6 ||    18
       Punch             |     3 |     1 ||     4
 Cast: Beastly Appendage |    27 |    16 ||    43
       Spider Form       |       |    12 ||    12
       Wereblood         |       |     2 ||     2
  Use: Potion            |     1 |     4 ||     5
       Scroll            |       |     9 ||     9
 Stab: Sleeping          |    12 |     7 ||    19
Armor: Skin              |    10 |    11 ||    21
Dodge: Dodged            |    62 |   137 ||   199

Table legend: (Time is in decaauts)
 A = Elapsed time spent in this place.
 B = Non-inter-level travel time spent in this place.
 C = Inter-level travel time spent in this place.
 D = Time resting spent in this place.
 E = Time spent auto-exploring this place.
 F = Levels seen in this place.
 G = Mean time per level.
                   A        B        C        D        E       F      G
               +--------+--------+--------+--------+--------+-----+--------+
         Total |   4971 |   4841 |    130 |    442 |   3785 |   4 | 1242.8 |
       Dungeon |   4971 |   4841 |    130 |    442 |   3785 |   4 | 1242.8 |
               +--------+--------+--------+--------+--------+-----+--------+

Top non-repeatable levels by time:
     D:3: 1646 daAuts
     D:1: 1618 daAuts
     D:2: 1329 daAuts
     D:4: 377 daAuts
